 Dungeon Crawl Stone Soup version 0.29.1-15-g9cfb28693d (webtiles) character file.

Game seed: 2644384124672299081

594 Hrothgar the Chopper (level 7, -3/60 HPs)
             Began as a Minotaur Fighter on May 2, 2023.
             Was a Plaything of Xom.
             Slain by a gnoll
             ... wielding a +0 spear
             ... led by a gnoll bouda
              (5 damage)
             ... on level 5 of the Dungeon.
             The game lasted 00:09:03 (4398 turns).

Hrothgar the Chopper (Minotaur Fighter)             Turns: 4398, Time: 00:09:03

Health: -3/60      AC:  4    Str: 20    XL:     7   Next: 16%
Magic:  0/6        EV: 10    Int:  4    God:    Xom [*.....]
Gold:   194        SH:  5    Dex: 13    Spells: 6/6 levels left

rFire   + . .      SeeInvis .   a - +0 war axe (chaos)
rCold   . . .      Faith    .   c - +0 buckler
rNeg    . . .      Spirit   .   b - +0 scale mail
rPois   .          Reflect  .   (helmet restricted)
rElec   .          Harm     .   (no cloak)
rCorr   .          Rampage  .   (no gloves)
Will    .....                   (no boots)
Stlth   +.........              (no amulet)
HPRegen 0.20/turn               (no ring)
MPRegen 0.10/turn               (no ring)

@: no status effects
A: horns 2, retaliatory headbutt, camouflage 1, agile 1, deformed body, dopey 1,
fire resistance 1, screaming 2, MP-powered wands
a: Renounce Religion


You were on level 5 of the Dungeon.
You worshipped Xom.
You were a special plaything of Xom.
You visited 1 branch of the dungeon, and saw 5 of its levels.

You collected 194 gold pieces.

Inventory:

Hand Weapons
 a - a +0 war axe of chaos (weapon)
Armour
 b - a +0 scale mail (worn)
 c - a +0 buckler (worn)
Jewellery
 o - a ring of flight
Wands
 r - a wand of light (8)
 t - a wand of roots (8)
Scrolls
 e - a scroll of identify
 h - a scroll of vulnerability
 j - a scroll of summoning
 k - a scroll of amnesia
 m - 2 scrolls of teleportation
 p - 2 scrolls of poison
 s - a scroll of fog
Potions
 d - a potion of might
 f - a potion of invisibility {unknown}
 g - a potion of brilliance {unknown}
 i - a potion of curing
 l - a potion of haste {unknown}
 n - a potion of degeneration {unknown}
 u - a potion of resistance {unknown}


   Skills:
 * Level 4.9 Fighting
 * Level 5.6 Axes
 * Level 5.5 Armour
 * Level 2.2 Dodging
 * Level 1.6 Stealth
 * Level 4.6 Shields
 * Level 1.4 Evocations


You had 6 spell levels left.
You didn't know any spells.
Your spell library contained the following spells:

 Spells                   Type           Power      Damage    Failure   Level
 Animate Dead             Necr           0%         N/A       100%        4
 Haunt                    Necr/Summ      0%         N/A       100%        7
 Infestation              Necr           0%         N/A       100%        8


Dungeon Overview and Level Annotations

Branches:
Dungeon (5/15)             Temple (0/1) D:4

Altars:
Kikubaaqudgha
Uskayaw
Vehumet
Xom


Innate Abilities, Weirdness & Mutations

You have a pair of horns on your head.
You reflexively headbutt those who attack you in melee.
Your skin changes colour to match your surroundings (Stealth+).
You are agile. (Dex +4, Str/Int -1)
Armour fits poorly on your strangely shaped body.
You are dopey. (Int -2)
Your flesh is heat resistant. (rF+)
You frequently scream uncontrollably at your foes.
You expend magic power (3 MP) to strengthen your wands.


Message History

You kill the adder!
You block the gnoll's attack. x2
You barely miss the gnoll. You headbutt the gnoll.
The gnoll is almost dead.
The gnoll hits you with a +0 spear.
* * * LOW HITPOINT WARNING * * *
The gnoll hits you from afar with a +0 spear.
* * * LOW HITPOINT WARNING * * *
The gnoll completely misses you.
The gnoll hits you from afar with a +0 spear.
* * * LOW HITPOINT WARNING * * *
Blink to where?
Press: ? - help, Dir - move target
As you read the scroll of blinking, it crumbles to dust.
It was a potion of curing.
You feel better.
An orc comes into view. It is wielding a +0 dagger.
Aiming: Fastroot
Press: ? - help, Shift-Dir - straight line, f - orc
Aim: an orc, wielding a +0 dagger and wearing a +0 leather armour You feel a surge of power!
The roots erupt in riotous growth!
Roots grab the orc.
Roots grab the gnoll.
The grasping roots constrict the orc.
The grasping roots constrict the gnoll.
You kill the gnoll!
An orc comes into view. It is wielding a +0 flail.
The orc struggles to escape constriction.
The grasping roots constrict the orc!
You kill the orc!
Aiming: Bolt of Light
Press: ? - help, Shift-Dir - straight line, f - gnoll
Aim: a gnoll, wielding a +0 spear (77% to hit)
The bolt of light hits the gnoll!
The gnoll is severely wounded.
The gnoll is blinded.
The bolt of light hits the gnoll!
You kill the gnoll!
The gnoll hits you from afar with a +0 spear!
* * * LOW HITPOINT WARNING * * *
The orc attacks as you move away! The orc hits you with a +0 flail.
* * * LOW HITPOINT WARNING * * *
The gnoll hits you with a +0 spear.
You die...

... ..# #.# #.#
##### #)#
#.##...####)####
#.##........)..#
#.##...####g##...≈≈
#.###.## #@# .:..
#.# #.# #.# ### #.#
#.# #o#
##.###.#####.#
#...............#
#.#############.#
#.# # #.# #.#


You could see a gnoll (blind) and an orc.

Vanquished Creatures
  An ogre (D:5)
  A necrophage (D:4)
  A jelly (D:4)
  A gnoll bouda (D:5)
  Ijyb (D:3)
  2 gnolls (D:5)
  8 adders
  A shadow imp (D:4)
  An ufetubus (D:4)
  3 worms (D:4)
  2 dart slugs
  An orc (D:5)
  4 endoplasms
  4 giant cockroaches
  4 goblins
  6 hobgoblins
  9 kobolds
  4 quokkas
  12 ball pythons
  4 bats
  2 frilled lizards
  8 rats
  A spectral hobgoblin (D:2)
81 creatures vanquished.

Vanquished Creatures (collateral kills)
  A black bear (D:3)
  A lemure (D:3)
  5 orcs (D:3)
7 creatures vanquished.

Grand Total: 88 creatures vanquished

Notes
Turn   | Place    | Note
-------+----------+-------------------------------------------
     0 | D:1      | Hrothgar the Minotaur Fighter began the quest for the Orb.
     0 | D:1      | Reached XP level 1. HP: 19/19 MP: 0/0
   102 | D:1      | Reached XP level 2. HP: 24/27 MP: 1/1
   581 | D:2      | Found a faded altar of an unknown god.
   618 | D:2      | Prayed at the altar of an unknown god.
   618 | D:2      | Became a worshipper of Xom the Fickle
   916 | D:2      | Reached XP level 3. HP: 33/33 MP: 2/2
  1235 | D:2      | XOM: divination: magic mapping
  1545 | D:1      | XOM: silly message
  1620 | D:1      | Reached XP level 4. HP: 40/40 MP: 3/3
  1898 | D:3      | Reached skill level 1 in Dodging
  1922 | D:3      | XOM: god gift: 13 gold pieces
  2113 | D:3      | XOM: give mutations
  2113 | D:3      | Gained mutation: You are strong-willed. (Will+) [Xom's
                  | grace]
  2113 | D:3      | Gained mutation: You are agile. (Dex +4, Str/Int -1) [Xom's
                  | grace]
  2133 | D:3      | Noticed Ijyb
  2141 | D:3      | Killed Ijyb
  2256 | D:3      | Found a hide-covered altar of Uskayaw.
  2258 | D:3      | Noticed a +0 dagger
  2258 | D:3      | Noticed a +0 hand axe
  2280 | D:3      | XOM: 1-stop teleportation journey
  2334 | D:3      | Noticed Grinder
  2335 | D:3      | Found an ancient bone altar of Kikubaaqudgha.
  2335 | D:3      | Paralysed by Grinder for 4 turns
  2337 | D:3      | Noticed Grinder
  2337 | D:3      | Grinder changed into Grinder the lemure
  2337 | D:3      | XOM: polymorph Grinder -> Grinder the lemure
  2337 | D:3      | Noticed a black bear
  2339 | D:3      | XOM: cast spell 'Summon Dragon'
  2343 | D:3      | Killed Grinder the lemure
  2344 | D:3      | Reached skill level 1 in Stealth
  2344 | D:3      | Reached XP level 5. HP: 47/47 MP: 4/4
  2345 | D:3      | Killed a black bear
  2346 | D:3      | Reached skill level 5 in Armour
  2346 | D:3      | Reached XP level 6. HP: 53/53 MP: 5/5
  2841 | D:4      | Found a radiant altar of Vehumet.
  2957 | D:4      | XOM: give mutations
  2957 | D:4      | Gained mutation: Your flesh is heat resistant. (rF+) [Xom's
                  | grace]
  2957 | D:4      | Gained mutation: Your skin changes colour to match your
                  | surroundings (Stealth+). [Xom's grace]
  2957 | D:4      | Gained mutation: You expend magic power (3 MP) to
                  | strengthen your wands. [Xom's grace]
  3022 | D:4      | XOM: torment (28/53 hp)
  3030 | D:4      | XOM: divination: magic mapping
  3112 | D:4      | XOM: give mutation
  3112 | D:4      | Gained mutation: You occasionally shout uncontrollably at
                  | your foes. [Xom's mischief]
  3353 | D:4      | Reached skill level 1 in Evocations
  3524 | D:4      | XOM: torment (29/55 hp)
  3538 | D:4      | Reached skill level 5 in Axes
  3747 | D:4      | Identified the +1 robe of Kicifuh {rPois rCorr}
  3778 | D:4      | Found a staircase to the Ecumenical Temple.
  3915 | D:4      | XOM: silly message
  3988 | D:4      | XOM: give mutations
  3988 | D:4      | Lost mutation: You are strong-willed. (Will+) [Xom's
                  | mischief]
  3988 | D:4      | Gained mutation: You frequently scream uncontrollably at
                  | your foes. [Xom's mischief]
  3988 | D:4      | Gained mutation: Armour fits poorly on your strangely
                  | shaped body. [Xom's mischief]
  3988 | D:4      | Gained mutation: You are dopey. (Int -2) [Xom's mischief]
  4312 | D:5      | Entered Level 5 of the Dungeon
  4317 | D:5      | Reached XP level 7. HP: 60/60 MP: 2/6
  4398 | D:5      | HP: 2/60 [orc/+0 flail (6)]
  4398 | D:5      | Slain by a gnoll

Illustrated notes

Levels and vault maps discovered:
D:1:      amcnicky_arrival_double_pillar, layout_rooms, st_stairs_9,
          palyth_stone_intersect
D:2:      layout_loops_corners, dreamdust_ecumenical_altar_drowned_temple,
          roderic_serpentine_path, kennysheep_another_room, grunt_ministairs_3,
          nrook_uturn
D:3:      layout_loops_ring, dancing_weapons_uskayaw,
          mainiacjoe_overflow_cross_hatched, uniq_ijyb, uniq_grinder
D:4:      layout_cave_pods, pf_just_have_faith, minmay_temple_entry_sparse_star,
          nicolae_eternal_life
D:5:      layout_loops_ring, general_overflow_altar,
          mainiacjoe_overflow_concentric_impassable, uniq_eustachio

Skill      XL: |  1  2  3  4  5  6 |
---------------+-------------------+-----
Fighting       | 4 |  4.9
Armour         | 4 5 |  5.5
Axes           | 3 4 5 |  5.6
Shields        | 4 |  4.6
Dodging        | 1 2 |  2.2
Stealth        | 1 |  1.6
Evocations     | 1 |  1.4

Action                   |  1- 3 |  4- 6 |  7- 9 || total
-------------------------+-------+-------+-------++-------
Melee: War axe           |    74 |    78 |     6 ||   158
       Headbutt          |    10 |    10 |     2 ||    22
Evoke: Wand              |       |     1 |     2 ||     3
  Use: Scroll            |     4 |     5 |     1 ||    10
       Potion            |       |     1 |     1 ||     2
Armor: Scale mail        |    45 |    42 |     3 ||    90
Dodge: Dodged            |    53 |    32 |     8 ||    93
Block: Buckler           |    22 |    22 |     3 ||    47
